 Dungeon Crawl Stone Soup version 0.28.0-62-gf88900778d (webtiles) character file.

Game seed: 9262780190030119749

3007 tkbsonic5 the Slasher (level 9, -10/47 HPs)
             Began as a Vine Stalker Gladiator on Nov 10, 2023.
             Was a Believer of Fedhas.
             Mangled by a two-headed ogre
             ... wielding a +0 dire flail
              (18 damage)
             ... on level 8 of the Dungeon.
             The game lasted 00:20:28 (7020 turns).

tkbsonic5 the Slasher (Vine Stalker Gladiator)      Turns: 7020, Time: 00:20:29

Health: -10/47     AC: 13    Str: 26    XL:     9   Next: 84%
Magic:  0/13       EV: 13    Int:  8    God:    Fedhas [**....]
Gold:   181        SH:  0    Dex: 17    Spells: 8/8 levels left

rFire   . . .      SeeInvis .   a - +0 long sword (drain)
rCold   . . .      Faith    .   (no shield)
rNeg    + . .      Spirit   +   d - +0 scale mail
rPois   .          Reflect  .   (helmet restricted)
rElec   +          Harm     .   t - +0 cloak
rCorr   .          Rampage  .   (no gloves)
Will    +....                   c - +0 pair of boots
Stlth   ++........              (no amulet)
HPRegen 0.95/turn               f - ring of Nouclefo {*Corrode rElec AC+4 Str+4 Dex+2}
MPRegen 0.13/turn               q - ring of positive energy

@: hasted, very quick
A: fangs 3, regeneration 1, magic shield, antimagic bite, no potion heal 2,
horns 1, high MP 1, mutation resistance 1
a: Renounce Religion, Wall of Briars


You were on level 8 of the Dungeon.
You worshipped Fedhas.
Fedhas was pleased with you.
You visited 2 branches of the dungeon, and saw 9 of its levels.

You collected 445 gold pieces.
You spent 264 gold pieces at shops.

Inventory:

Hand Weapons
 a - a +0 long sword of draining (weapon)
 j - a +1 vampiric dagger
 r - a +0 hunting sling
Missiles
 g - 150 arrows
 h - 16 sling bullets
 u - a poisoned dart
Armour
 b - a +0 leather armour
 c - a +0 pair of boots (worn)
 d - a +0 scale mail (worn)
 n - a +0 helmet
 o - a +0 ring mail
 t - a +0 cloak (worn)
 v - a +1 leather armour of fire resistance
 z - the +1 robe of Muklah {Will+}
   (You found it on level 5 of the Dungeon)

   Will:      It increases your willpower.
 D - an orb of guile
Jewellery
 f - the ring of Nouclefo (left hand) {*Corrode rElec AC+4 Str+4 Dex+2}
   (You found it on level 6 of the Dungeon)

   [ring of protection]

   AC:        It affects your AC (+4).
   Str:       It affects your strength (+4).
   Dex:       It affects your dexterity (+2).
   rElec:     It insulates you from electricity.
   *Corrode:  It may corrode you when you take damage.
 k - a +6 ring of intelligence
 q - a ring of positive energy (right hand)
 A - a +6 ring of intelligence
Wands
 m - a wand of polymorph (9) (quivered)
Scrolls
 e - a scroll of magic mapping
 i - 2 scrolls of teleportation
 l - a scroll of blinking
 p - 3 scrolls of amnesia
 s - 4 scrolls of identify
 w - a scroll of fear
 E - a scroll of brand weapon
Potions
 x - a potion of magic
 C - a potion of curing


   Skills:
 * Level 5.6 Fighting
 * Level 6.3 Long Blades
 + Level 4.8 Throwing
 + Level 2.9 Armour
 * Level 5.7 Dodging
 - Level 4.6 Stealth
 + Level 2.6 Invocations
 - Level 1.1 Evocations


You had 8 spell levels left.
You didn't know any spells.
Your spell library contained the following spells:

 Spells                   Type           Power      Damage    Failure   Level
 Freeze                   Ice            0%         1d3       69%         1
 Summon Small Mammal      Summ           0%         N/A       69%         1
 Call Canine Familiar     Summ           0%         N/A       96%         3
 Frozen Ramparts          Ice            0%         1d2       96%         3
 Summon Guardian Golem    Hex/Summ       0%         N/A       96%         3
 Hailstorm                Conj/Ice       0%         3d3       100%        4


Dungeon Overview and Level Annotations

Branches:
Dungeon (8/15)             Temple (1/1) D:4
   Lair: D:8-11

Altars:
Cheibriados
Fedhas
Hepliaklqana
Kikubaaqudgha
Ru
Sif Muna
Trog
Vehumet
Zin
The Shining One

Shops:
D:4 *   D:5 =   D:7 *


Innate Abilities, Weirdness & Mutations

You have razor-sharp teeth.
Your natural rate of healing is unusually fast.
When hurt, damage is shared between your health and your magic reserves.
Your bite disrupts and absorbs the magic of your enemies.
Potions cannot restore your health.
You have a pair of small horns on your head.
You have an increased reservoir of magic. (+10% MP)
You are somewhat resistant to further mutation.


Message History

The wolf bites you but does no damage. The wolf bites you.
You hit the wolf.
The wolf is lightly wounded.
The wolf closely misses you. The wolf bites you but does no damage.
You barely miss the wolf. Your bite misses the wolf.
The wolf is lightly wounded.
The wolf closely misses you.
You hit the two-headed ogre but do no damage.
The two-headed ogre is lightly wounded.
You slash the two-headed ogre! You drain the two-headed ogre.
You bite the two-headed ogre, but do no damage.
The two-headed ogre is heavily wounded.
The two-headed ogre barely misses you.
The two-headed ogre hits you with a +0 giant club.
You hit the two-headed ogre. Your bite misses the two-headed ogre.
The two-headed ogre is heavily wounded.
An orc wizard appears from thin air!
Reactivating autopickup.
The two-headed ogre hits you but does no damage.
The two-headed ogre hits you with a +0 giant club!!
Aiming: Polymorph
Press: ? - help, Q - select action, (/) - cycle Shift-Dir - straight line, f - two-headed ogre, p - wolf
Aim: a two-headed ogre, wielding a +0 dire flail and a +0 giant club (heavily wounded, lightly drained, will become a cyclops, a death drake, or a floating eye, chance to affect: 37%)
Okay, then.
You hit the two-headed ogre.
The two-headed ogre is heavily wounded.
The two-headed ogre hits you but does no damage.
The two-headed ogre hits you with a +0 giant club.
You hit the two-headed ogre.
The two-headed ogre is heavily wounded.
You barely miss the two-headed ogre. You bite the two-headed ogre.
You drain its power.
You feel invigorated.
The two-headed ogre is severely wounded.
The two-headed ogre hits you with a +0 dire flail.
The two-headed ogre hits you with a +0 giant club!
* * * LOW HITPOINT WARNING * * *
You feel yourself speed up. The two-headed ogre barely misses you.
The two-headed ogre hits you with a +0 giant club!!
You die...
Fedhas appreciates your contribution to the ecosystem.

#............
#.P..P†..P...
#.....P).....
###(.Pg......
#)#.).....#
#############
#o#####.#.#
#.....[......
#h# .?.
#............
#O# #.
#............
#@#
.............
#.#
#......>.....
#.#
#............
#.#
#####.#######
#.# #.# #.#
#.# #.# #.#
#.# #.# #.#


You could see a two-headed ogre (drained), a wolf and an orc wizard.

Vanquished Creatures
  An ugly thing (D:6)
  A hornet (D:4)
  Edmund (D:5)
  A water moccasin (D:8)
  A black bear (D:3)
  An orc warrior (D:6)
  3 ogres
  2 centaurs
  A gnoll sergeant (D:7)
  2 water moccasin zombies (D:6)
  A wyvern zombie (D:6)
  Dowan (D:5)
  2 water moccasin skeletons
  2 howler monkeys
  5 electric eels (D:7)
  A bullfrog zombie (D:5)
  A gnoll shaman (D:4)
  3 orc priests
  4 hounds
  2 jellies (D:5)
  A centaur skeleton (D:5)
  2 bullfrog skeletons (D:6)
  An iguana (D:6)
  A scorpion zombie (D:5)
  3 orc wizards
  A killer bee zombie (D:5)
  A hound skeleton (D:4)
  11 gnolls
  7 adders
  An ufetubus (D:4)
  4 dart slugs
  21 orcs
  6 endoplasms
  5 giant cockroaches
  4 goblins (D:3)
  7 hobgoblins
  2 jackals (D:3)
  3 quokkas
  4 ball pythons
  6 bats
  3 frilled lizards (D:1)
  6 kobolds
  5 rats
141 creatures vanquished.

Vanquished Creatures (collateral kills)
  Duvessa (D:5)
  A bullfrog (D:8)
  2 orcs (D:8)
4 creatures vanquished.

Vanquished Creatures (others)
  An orc (D:6)
  49 fungi (D:8)
  45 plants (D:8)
95 creatures vanquished.

Grand Total: 240 creatures vanquished

Notes
Turn   | Place    | Note
-------+----------+-------------------------------------------
     0 | D:1      | tkbsonic5 the Vine Stalker Gladiator began the quest for
                  | the Orb.
     0 | D:1      | Reached XP level 1. HP: 11/11 MP: 2/2
   167 | D:1      | Reached XP level 2. HP: 15/15 MP: 3/3
   190 | D:1      | Reached skill level 1 in Stealth
   370 | D:1      | Reached skill level 3 in Long Blades
   423 | D:1      | You fall into a shaft and drop 1 floor!
   464 | D:2      | Reached XP level 3. HP: 18/18 MP: 4/4
   961 | D:2      | Found a sacrificial altar of Ru.
  1616 | D:3      | Learned a level 1 spell: Summon Small Mammal
  1644 | D:3      | Gained mutation: Your natural rate of healing is unusually
                  | fast. [Vine Stalker growth]
  1644 | D:3      | Reached XP level 4. HP: 16/23 MP: 3/5
  2121 | D:3      | Noticed a black bear
  2131 | D:3      | Killed a black bear
  2132 | D:3      | Reached XP level 5. HP: 20/27 MP: 3/6
  2289 | D:3      | Gained mutation: You have an increased reservoir of magic.
                  | (+10% MP) [potion of mutation]
  2289 | D:3      | Gained mutation: You are somewhat resistant to further
                  | mutation. [potion of mutation]
  2289 | D:3      | Gained mutation: You have a pair of small horns on your
                  | head. [potion of mutation]
  2796 | D:4      | Reached XP level 6. HP: 30/32 MP: 7/7
  2915 | D:4      | Reached skill level 4 in Long Blades
  2971 | D:4      | Found a staircase to the Ecumenical Temple.
  3032 | Temple   | Entered the Ecumenical Temple
  3046 | Temple   | Became a worshipper of Fedhas Madash
  3081 | D:4      | Reached XP level 7. HP: 28/36 MP: 5/8
  3142 | D:4      | Noticed a hornet
  3154 | D:4      | Killed a hornet
  3155 | D:4      | Reached skill level 1 in Armour
  3360 | D:4      | Found Odiuw Veuch's Assorted Antiques.
  3728 | D:5      | Entered Level 5 of the Dungeon
  3734 | D:5      | Noticed Duvessa
  3734 | D:5      | Noticed Dowan
  3734 | D:5      | Noticed Edmund
  3750 | D:5      | Killed Duvessa
  3751 | D:5      | Gained mutation: You have razor-sharp teeth. [Vine Stalker
                  | growth]
  3751 | D:5      | Reached XP level 8. HP: 42/42 MP: 9/9
  3768 | D:5      | Killed Edmund
  3774 | D:5      | Killed Dowan
  3800 | D:5      | Found Duaxega's Jewellery Boutique.
  3851 | D:5      | Reached skill level 5 in Long Blades
  3918 | D:5      | Reached * piety under Fedhas
  4295 | D:5      | Reached skill level 1 in Invocations
  4327 | D:5      | Identified the +1 robe of Muklah {Will+}
  4578 | D:6      | Reached skill level 1 in Evocations
  4671 | D:6      | Noticed a cyan ugly thing
  4801 | D:6      | Identified the ring of Nouclefo {*Corrode rElec AC+4 Str+4
                  | Dex+2}
  4818 | D:6      | Reached XP level 9. HP: 46/46 MP: 12/12
  4822 | D:6      | Reached skill level 5 in Dodging
  5031 | D:6      | Killed a brown ugly thing
  5032 | D:6      | Reached skill level 5 in Fighting
  5207 | D:6      | Reached skill level 6 in Long Blades
  5868 | D:7      | Found an ancient bone altar of Kikubaaqudgha.
  6288 | D:7      | Reached ** piety under Fedhas
  6551 | D:7      | Found Qicvorgh's General Store.
  6569 | D:7      | Bought a scroll of brand weapon for 240 gold pieces
  6569 | D:7      | Bought a scroll of identify for 24 gold pieces
  6986 | D:8      | Noticed a two-headed ogre
  7020 | D:8      | Mangled by a two-headed ogre

Illustrated notes

Levels and vault maps discovered:
D:1:      dpeg_arrival_water_altar, layout_loops_cross,
          hellmonk_ecumenical_altar_arch_garden
D:2:      layout_basic, basic_altar
D:3:      minmay_skewed_foursquare, layout_rooms, lemuel_old_faithful
D:4:      layout_gridville, minmay_temple_entry_tees, serial_shops,
          nicolae_stop_n_shop_2, chequers_serial_rivers_micro_d,
          hangedman_decor_riveting, roderic_lattice_a
D:5:      layout_cave_pools, serial_shops, shop,
          nicolae_concentric_dashed_squares_wild, uniq_edmund, uniq_duvessa
D:6:      layout_loops_corners
D:7:      layout_layer_cave, kennysheep_mini, serial_shops, shop_statue,
          kennysheep_boxes
D:8:      layout_basic, due_lair_maze_entry_diamond, uniq_prince_ribbit1
Temple:   compressed_dpeg_circular_temple

Skill      XL: |  1  2  3  4  5  6  7  8  9 |
---------------+----------------------------+-----
Stealth        | 1 2 3 4 |  4.6
Fighting       | 2 3 4 5 |  5.6
Long Blades    | 3 4 5 6 |  6.3
Dodging        | 3 4 5 |  5.7
Throwing       | 2 3 4 |  4.8
Armour         | 1 2 |  2.9
Invocations    | 1 2 |  2.6
Evocations     | 1 |  1.1

Action                   |  1- 3 |  4- 6 |  7- 9 || total
-------------------------+-------+-------+-------++-------
Melee: Long sword        |    68 |   120 |   189 ||   377
       Bite              |    10 |    39 |    57 ||   106
       Headbutt          |       |    11 |    47 ||    58
       Punch             |       |     2 |     5 ||     7
Throw: Dart              |     9 |    41 |    54 ||   104
       Throwing net      |       |     5 |     2 ||     7
Invok: Wall of Briars    |       |       |     1 ||     1
Evoke: Wand              |       |       |    22 ||    22
  Use: Scroll            |     1 |     1 |    11 ||    13
       Potion            |       |     4 |     7 ||    11
 Stab: Sleeping          |       |     1 |     1 ||     2
Armor: Leather armour    |    15 |       |       ||    15
       Ring mail         |       |    41 |     8 ||    49
       Scale mail        |       |       |    65 ||    65
Dodge: Dodged            |    53 |   123 |   113 ||   289
